AoeStats
← andresk

Fortress

508143288Analyzed
2v2 RM · 10d ago on Sep 21, 2026· 64m 29s· 4 players
Game mode
Random Map
Map size
Normal (6 player)
Population
200
Speed
Normal
Resources
Standard
Victory
Conquest
Starting age
Dark Age
Ending age
Imperial Age
RankedLock teamsTeams togetherTeam positionsShared explorationLock speedFull tech treeHidden civsTurbo modeCheats
Victory
Defeat
🇨🇴 Bohemians · Colombia
423
+16
🇨🇴 Poles · Colombia
422
+16
🇨🇴 Portuguese · Colombia
447
-16
🇺🇸 Chinese · United States
416
-16
tan_boi
8:15 Feudal Age
8:41 Double-Bit Axe
17:51 Castle Age
15:51 Gold Mining
15:51 Horse Collar
16:41 Fletching
16:55 Padded Archer Armor
20:30 Bow Saw
20:50 Crossbowman
21:42 Heavy Plow
25:03 Wheelbarrow
24:53 Stone Mining
25:40 Gold Shaft Mining
26:16 Thumb Ring
38:00 Imperial Age
36:00 Bodkin Arrow
36:20 Leather Archer Armor
38:11 Ballistics
40:01 Capped Ram
40:03 Heavy Rocket Cart
41:21 Bracer
41:52 Ring Archer Armor
45:22 Chemistry
45:31 Siege Ram
46:43 Heated Shot
47:12 Arbalester
56:08 Elite Skirmisher
59:40 Elite Fire Lancer
andresk
0:58 Loom
10:19 Feudal Age
12:12 Horse Collar
12:20 Double-Bit Axe
18:46 Castle Age
21:15 Forging
21:06 Scale Mail Armor
21:06 Padded Archer Armor
20:57 Fletching
24:31 Iron Casting
24:12 Chain Mail Armor
24:13 Leather Archer Armor
23:54 Bodkin Arrow
33:42 Imperial Age
32:42 Heavy Plow
32:58 Bow Saw
33:14 Heated Shot
33:45 Ballistics
33:37 Masonry
35:35 Blast Furnace
37:04 Chemistry
40:44 Architecture
39:38 Elite Skirmisher
39:43 Pikeman
42:38 Treadmill Crane
43:35 Ring Archer Armor
43:06 Bracer
43:39 Plate Mail Armor
46:34 Two-Man Saw
47:43 Halberdier
ANIBAL
1:16 Loom
8:05 Feudal Age
9:41 Wheelbarrow
11:01 Double-Bit Axe
11:01 Horse Collar
13:48 Padded Archer Armor
18:43 Castle Age
18:00 Fletching
18:59 Scale Mail Armor
19:48 Gold Mining
19:52 Stone Mining
20:35 Caravan
20:46 Pikeman
22:29 Coinage
24:01 Stone Shaft Mining
24:52 Hand Cart
25:13 Leather Archer Armor
28:28 Squires
31:46 Imperial Age
31:41 Ballistics
31:33 Husbandry
33:22 Banking
33:17 Bow Saw
32:39 Cavalier
34:32 Szlachta Privileges
37:33 Elite Skirmisher
41:51 Elite Obuch
48:46 Chemistry
lninoluix
3:21 Loom
7:22 Feudal Age
8:12 Double-Bit Axe
8:09 Horse Collar
9:30 Arson
15:07 Fletching
21:47 Castle Age
20:26 Scale Mail Armor
22:25 Bodkin Arrow
23:00 Pikeman
24:44 Squires
25:02 Treadmill Crane
26:19 Murder Holes
27:23 Chain Mail Armor
28:00 Elite Skirmisher
28:48 Padded Archer Armor
31:08 Bow Saw
32:12 Ballistics
32:21 Leather Archer Armor
33:02 Masonry
32:43 Guard Tower
34:09 Heavy Plow
36:26 Chemistry
41:15 Imperial Age
40:53 Fortified Wall
42:32 Conscription
42:04 Halberdier
44:47 Arrowslits
48:09 Bracer
48:40 Ring Archer Armor
49:55 Plate Mail Armor
52:26 Keep
52:23 Architecture
56:39 Houfnice
60:28 Caravan
63:03 Two-Man Saw
Connection lost

Rejoining the realm…

Still unreachable

The connection could not be restored.

Session expired

The server has moved on; the page needs a fresh start.